 Dungeon Crawl Stone Soup version 0.29.1-15-g9cfb28693d (webtiles) character file.

Game seed: 3764690965407307191

57 Hugehornet the Chopper (level 3, 0/25 (30) HPs)
             Began as a Demigod Fighter on Apr 2, 2023.
             Slain by a goblin
             ... wielding a +0 club
             ... led by Robin
              (6 damage)
             ... on level 2 of the Dungeon.
             The game lasted 00:02:36 (1485 turns).

Hugehornet the Chopper (Demigod Fighter)            Turns: 1485, Time: 00:02:37

HP:   0/25 (30)     AC:  7    Str: 17    XL:     3   Next: 50%
MP:   5/5           EV:  8    Int: 20    God:
Gold: 31            SH:  4    Dex: 13    Spells: 2/2 levels left

rFire   . . .      SeeInvis .   l - +0 dagger (venom)
rCold   . . .      Faith    .   c - +0 buckler
rNeg    . . .      Spirit   .   b - +0 scale mail
rPois   .          Reflect  .   (no helmet)
rElec   .          Harm     .   (no cloak)
rCorr   .          Rampage  .   k - +0 pair of gloves
Will    .....                   (no boots)
Stlth   ..........              (no amulet)
HPRegen 0.08/turn               i - +6 ring of intelligence
MPRegen 0.09/turn               (no ring)

@: heavily drained
A: high MP 1, forlorn, divine attributes
a: no special abilities


You were on level 2 of the Dungeon.
You visited 1 branch of the dungeon, and saw 2 of its levels.

You collected 31 gold pieces.

Inventory:

Hand Weapons
 a - a +0 war axe
 l - a +0 dagger of venom (weapon)
Armour
 b - a +0 scale mail (worn)
 c - a +0 buckler (worn)
 k - a +0 pair of gloves (worn)
Jewellery
 i - a +6 ring of intelligence (left hand)
Scrolls
 e - a scroll of enchant weapon {unknown}
 f - a scroll of noise {unknown}
 g - 2 scrolls of vulnerability {unknown}
 h - a scroll of teleportation {unknown}
 m - a scroll of amnesia {unknown}
Potions
 d - 2 potions of might
 j - a potion of degeneration {unknown}


   Skills:
 - Level 2.6 Fighting
 * Level 3.7 Axes
 - Level 2.6 Armour
 - Level 2.6 Shields


You had 2 spell levels left.
You didn't know any spells.
Your spell library was empty.

Dungeon Overview and Level Annotations

Branches:
Dungeon (2/15)

Shops:
D:2 [

Annotations:
D:2 Robin


Innate Abilities, Weirdness & Mutations

You have an increased reservoir of magic. (+10% MP)
You shall have no god before yourself.
Your divine heritage dramatically boosts your attributes as you level up.


Message History

The goblins go into a battle-frenzy!
The goblin barely misses you.
You hit the goblin.
The goblin is poisoned.
The goblin is almost dead.
Robin throws the goblin at you! The goblin barely misses you.
You hit the goblin.
You kill the goblin!
The hobgoblin no longer looks unusually strong.
The goblin closely misses you.
You hit the hobgoblin but do no damage.
The hobgoblin is poisoned.
The hobgoblin hits you. The goblin hits you with a +0 club.
You barely miss the hobgoblin. The goblin hits you but does no damage.
You block the hobgoblin's attack.
You hit the hobgoblin.
The hobgoblin looks as sick as possible!
The hobgoblin is severely wounded.
The goblin closely misses you.
The hobgoblin hits you but does no damage.
You hit the hobgoblin.
You kill the hobgoblin!
You block the goblin's attack.
You hit Robin but do no damage.
Robin is poisoned.
Robin hits you but does no damage. The goblin hits you with a +0 club.
* * * LOW HITPOINT WARNING * * *
You hit Robin but do no damage.
Robin looks even sicker.
Robin is lightly wounded.
Robin's horned helmet rattles.
Robin drinks a potion.
Robin is healed!
Robin looks more healthy.
The goblin hits you but does no damage.
You hit Robin but do no damage.
Robin is poisoned.
Robin hits you but does no damage. The goblin barely misses you.
You hit Robin but do no damage.
Robin looks as sick as possible!
Robin roars a battlecry!
The hobgoblin goes into a battle-frenzy!
The goblin hits you but does no damage.
You hit Robin but do no damage.
Robin is lightly wounded.
Robin says, "A pitiful Demigod like you will never find the ORB!"
You block Robin's attack. The goblin hits you with a +0 club.
You die...

###
#.################
#.................
#.################
#.# #g# #@# #g#
#g# .g. .....
#...... #.....g.
#........
#........#


You could see Robin (extremely poisoned), 2 hobgoblins and a goblin (strong).

Vanquished Creatures
  2 adders (D:2)
  A dart slug (D:1)
  3 ball pythons
  3 endoplasms
  A giant cockroach (D:1)
  2 hobgoblins
  4 jackals (D:1)
  2 kobolds
  A quokka (D:1)
  2 bats (D:1)
  9 goblins
  3 rats
33 creatures vanquished.

Vanquished Creatures (others)
  5 plants (D:1)
5 creatures vanquished.

Grand Total: 38 creatures vanquished

Notes
Turn   | Place    | Note
-------+----------+-------------------------------------------
     0 | D:1      | Hugehornet the Demigod Fighter began the quest for the Orb.
     0 | D:1      | Reached XP level 1. HP: 18/18 MP: 3/3
    49 | D:1      | Reached skill level 2 in Axes
   360 | D:1      | Reached XP level 2. HP: 25/25 MP: 4/4
   717 | D:1      | Reached skill level 3 in Axes
  1069 | D:2      | Found Zenowk's Antique Armour Shoppe.
  1108 | D:2      | Reached XP level 3. HP: 17/30 MP: 5/5
  1458 | D:2      | Noticed Robin
  1485 | D:2      | Slain by a goblin

Illustrated notes

Levels and vault maps discovered:
D:1:      nzn_arrival_depleted_hourglass, layout_loops_ring,
          shapermc_ecumenical_altar_mp_ritualfount
D:2:      layout_basic, serial_shops, shop, basic_altar, uniq_robin,
          uniq_sigmund, uniq_terence

Skill      XL: |  1  2 |
---------------+-------+-----
Axes           | 2 3 |  3.7
Fighting       | |  2.6
Armour         | |  2.6
Shields        | |  2.6

Action                   || total
-------------------------++-------
Melee: War axe           ||    45
       Dagger            ||    58
Armor: Scale mail        ||    57
Dodge: Dodged            ||    39
Block: Buckler           ||    23
